 Dungeon Crawl Stone Soup version 0.18-a0-1526-gcb34c7c (webtiles) character file.

9167 HungrySpirit the Bludgeoner (level 11, -1/172 HPs)
             Began as an Ogre Arcane Marksman on Oct 13, 2015.
             Was an Elder of Okawaru.
             Slain by a killer bee (5 damage)
             ... on level 11 of the Dungeon on Mar 8, 2016.
             The game lasted 00:26:44 (13951 turns).

HungrySpirit the Bludgeoner (Ogre Arcane Marksman) Turns: 13951, Time: 00:26:44

Health: -1/172     AC:  6    Str: 26    XL:     11   Next: 42%
Magic:  11/12      EV: 10    Int: 12    God:    Okawaru [****..]
Gold:   663        SH:  0    Dex: 12    Spells: 1 memorised, 11 levels left

rFire  . . .     SeeInvis .     b - +0 giant club
rCold  . . .     Gourm    .     G - +0 robe
rNeg   . . .     Faith    .     (shield currently unavailable)
rPois  .         Spirit   .     (helmet restricted)
rElec  .         Dismiss  .     y - +0 cloak
rCorr  .         Reflect  .     (gloves unavailable)
SustAt .         Harm     .     (boots unavailable)
MR     +....                    H - amulet of rage
Stlth  ..........               g - +2 ring of protection
                                m - +3 ring of dexterity

@: berserking, lethally poisoned (-1 -> -7), very quick, somewhat resistant to
hostile enchantments, extremely unstealthy
A: unfitting armour, tough skin 1
a: Heroism, Renounce Religion, Evoke Berserk Rage


You were on level 11 of the Dungeon.
You worshipped Okawaru.
Okawaru was greatly pleased with you.
You were hungry.

You visited 1 branch of the dungeon, and saw 13 of its levels.
You also visited: Ice Cave.

You collected 663 gold pieces.

Inventory:

Hand Weapons
 b - a +0 giant club (weapon)
 c - a +0 giant spiked club
 x - a +3 trident of freezing
Missiles
 M - 2 large rocks (quivered)
Armour
 y - a +0 cloak (worn)
 G - a +0 robe (worn)
Jewellery
 g - a +2 ring of protection (right hand)
 j - an uncursed amulet of magic regeneration
 m - a +3 ring of dexterity (left hand)
 C - an uncursed ring of sustain attributes
 H - an amulet of rage (around neck)
Wands
 B - a wand of removedness (0/24)
 K - a wand of polymorph (5/24)
 L - a wand of flame (36/48)
Scrolls
 a - 7 scrolls of identify
 h - 2 scrolls of enchant armour
 l - 2 scrolls of amnesia {unknown}
 s - 2 scrolls of random uselessness {unknown}
 u - a scroll of magic mapping {unknown}
 v - 2 scrolls of recharging {unknown}
 z - a scroll of fog {unknown}
 D - 3 scrolls of remove curse
 E - 2 scrolls of teleportation {unknown}
 F - a scroll of enchant weapon
 I - a scroll of blinking {unknown}
 O - a scroll of fear {unknown}
Potions
 i - a potion of brilliance {unknown}
 k - 2 potions of degeneration
 n - a potion of agility {unknown}
 o - 2 potions of heal wounds {unknown}
 p - a potion of ambrosia {unknown}
 r - a potion of degeneration
 t - 4 potions of cure mutation
 w - a potion of flight {unknown}
 A - a potion of berserk rage {unknown}
 J - a potion of haste {unknown}
Books
 d - a book of Debilitation

   Spells                             Type                      Level
   a - Corona                         Hexes                        1
   b - Slow                           Hexes                        2
   c - Gell's Gravitas                Hexes/Translocation          3
   d - Inner Flame                    Hexes/Fire                   3
   e - Cause Fear                     Hexes                        4
   f - Leda's Liquefaction            Hexes/Earth                  4
 P - the Guide on Feathery Arcane Weapons
   (You found it on level 10 of the Dungeon)

   Spells                             Type                      Level
   a - Magic Dart                     Conjuration                  1
   b - Static Discharge               Conjuration/Air              3
   c - Mephitic Cloud                 Conjuration/Poison/Air       3
   d - Lightning Bolt                 Conjuration/Air              5
Comestibles
 e - 5 bread rations
 f - 4 royal jellies
 q - a meat ration
 N - a slice of pizza
 Q - 2 chunks of flesh


   Skills:
 + Level 9.2 Fighting
 * Level 17.6 Maces & Flails
 - Level 2.0 Throwing
 + Level 5.2 Armour
 - Level 1.7 Dodging
 - Level 1.2 Spellcasting
 - Level 2.1 Hexes


You had 11 spell levels left.
You knew the following spells:

 Your Spells              Type           Power        Failure   Level  Hunger
a - Corona                Hex            #......      14%         1    ##.....


Dungeon Overview and Level Annotations

Branches:
Dungeon (13/15)            Temple (0/1) D:6             Orc (0/4) D:9
   Lair: D:8-11      Vaults: D:13-14

Altars:
Ashenzari
Cheibriados
Dithmenos
Elyvilon
Kikubaaqudgha
Makhleb
Nemelex Xobeh
Okawaru
Ru
Sif Muna
Vehumet
Beogh


Innate Abilities, Weirdness & Mutations

You are too large for most types of armour.
You have tough skin (AC +1).


Message History

You kill the killer bee!
Okawaru accepts your kill.
* * * LOW HITPOINT WARNING * * *
You feel sick.
Unknown command.
You hit the hound.
The hound is moderately wounded.
You bludgeon the hound!!
You kill the hound!
Okawaru accepts your kill.
* * * LOW HITPOINT WARNING * * *
You feel sick.
You miss the killer bee.
You feel like a meek peon again. The killer bee stings you.
* * * LOW HITPOINT WARNING * * *
You miss the killer bee.
* * * LOW HITPOINT WARNING * * *
You feel sick. The killer bee stings you.
You die...

################
#......y@.......
#......#########
#........(....
#.......######
#.......#
#.#.#.#.#########
....
#.#.#.#.#.......#
......
#.#.#.#.#.#####.#
..... #.#.#.#.#.#
#..#


You could see a killer bee.

Vanquished Creatures
  A hill giant (D:10)
  An ugly thing (D:12)
  A kobold demonologist (D:12)
  A troll (D:10)
  A queen bee (D:8)
  A blink frog (shapeshifter) (D:9)
  2 wyverns (D:10)
  5 yaks (D:9)
  2 hungry ghosts
  A water moccasin (D:6)
  7 orc warriors (D:9)
  19 ice beasts
  A sky beast (D:7)
  2 black bears
  4 ogres
  4 centaurs
  A crocodile (D:9)
  2 giant frogs
  A wyvern skeleton (D:8)
  6 scorpions
  14 killer bees
  A howler monkey (D:9)
  3 crimson imps
  A centaur zombie (D:9)
  A jelly (D:12)
  3 centaur skeletons
  A giant frog zombie (D:9)
  4 hounds
  4 orc priests
  Crazy Yiuf (D:2)
  5 orc wizards
  2 iguanas
  A human zombie (D:6)
  Terence (D:2)
  4 worker ants
  Natasha (twice) (D:2)
  A hound skeleton (D:10)
  2 howler monkey skeletons (D:9)
  A worker ant zombie (D:10)
  11 adders
  A shadow imp (D:5)
  2 oozes
  A worm zombie (D:6)
  3 adder skeletons
  3 worms
  4 giant geckos
  45 orcs
  7 bats
  7 giant cockroaches
  10 goblins
  14 hobgoblins
  4 jackals
  4 quokkas
  A giant gecko skeleton (D:4)
  4 giant newts
  2 jackal skeletons (D:4)
  13 kobolds
  A kobold zombie (D:6)
  7 rats
259 creatures vanquished.

Notes
Turn   | Place    | Note
--------------------------------------------------------------
     0 | D:1      | HungrySpirit the Ogre Arcane Marksman began the quest for the Orb.
     0 | D:1      | Reached XP level 1. HP: 19/19 MP: 2/2
   208 | D:1      | Reached XP level 2. HP: 29/29 MP: 3/3
   813 | D:1      | Reached skill level 1 in Maces & Flails
   948 | D:1      | Reached XP level 3. HP: 37/37 MP: 4/4
  1551 | D:2      | Noticed Crazy Yiuf
  1552 | D:2      | Killed Crazy Yiuf
  1552 | D:2      | Reached XP level 4. HP: 45/45 MP: 5/5
  1837 | D:2      | Reached skill level 4 in Maces & Flails
  2006 | D:2      | Noticed Terence
  2007 | D:2      | Found a shattered altar of Ashenzari.
  2023 | D:2      | Killed Terence
  2028 | D:2      | Reached XP level 5. HP: 34/53 MP: 6/6
  2034 | D:2      | Found a shadowy altar of Dithmenos.
  2037 | D:2      | Found an ancient bone altar of Kikubaaqudgha.
  2201 | D:2      | Noticed Natasha
  2256 | D:2      | Reached skill level 5 in Maces & Flails
  2328 | D:2      | Killed Natasha
  2485 | D:2      | Noticed Natasha
  2492 | D:2      | Killed Natasha
  2577 | D:3      | Reached skill level 6 in Maces & Flails
  2669 | D:3      | Reached XP level 6. HP: 61/61 MP: 7/7
  2832 | D:3      | Reached skill level 7 in Maces & Flails
  3682 | D:4      | Reached skill level 8 in Maces & Flails
  3825 | D:4      | Reached XP level 7. HP: 52/67 MP: 8/8
  4056 | D:4      | Found a sacrificial altar of Ru.
  4430 | D:4      | Found a burning altar of Makhleb.
  4431 | D:4      | Found a radiant altar of Vehumet.
  4912 | D:5      | Entered Level 5 of the Dungeon
  4954 | D:5      | Reached skill level 9 in Maces & Flails
  5577 | D:5      | Reached skill level 10 in Maces & Flails
  5781 | D:5      | Found an iron altar of Okawaru.
  5875 | D:5      | Found a sparkling altar of Nemelex Xobeh.
  5900 | D:5      | Became a worshipper of Warmaster Okawaru
  6134 | D:5      | Reached XP level 8. HP: 75/75 MP: 9/9
  6144 | D:5      | Reached skill level 11 in Maces & Flails
  6286 | D:6      | Upgraded the game from 0.17-a0-2069-g0f4ee5b to 0.18-a0-74-gda9d8c9
  6286 | D:6      | Upgraded the game from 0.18-a0-74-gda9d8c9 to 0.18-a0-1014-g3bbf375
  6312 | D:6      | Upgraded the game from 0.18-a0-1014-g3bbf375 to 0.18-a0-1526-gcb34c7c
  6426 | D:6      | Found a snail-covered altar of Cheibriados.
  6522 | D:6      | Reached skill level 12 in Maces & Flails
  6541 | D:6      | Found a staircase to the Ecumenical Temple.
  6756 | D:6      | Reached * piety under Okawaru
  7369 | D:6      | Reached skill level 13 in Maces & Flails
  7823 | D:7      | Reached XP level 9. HP: 83/83 MP: 10/10
  7834 | D:7      | Gained mutation: You tend to lose your temper in combat. [mutagenic meat]
  8486 | D:7      | Reached skill level 14 in Maces & Flails
  9105 | D:8      | Found a white marble altar of Elyvilon.
  9298 | D:8      | Reached skill level 1 in Armour
  9474 | D:8      | HP: 6/126 [poisoned by a killer bee]
  9475 | D:8      | Lost mutation: You tend to lose your temper in combat. [potion of cure mutation]
  9477 | D:8      | HP: 2/126 [poisoned by a killer bee]
  9487 | D:8      | Reached ** piety under Okawaru
  9827 | D:8      | Noticed a queen bee
  9852 | D:8      | Killed a queen bee
  9852 | D:8      | Reached skill level 5 in Fighting
  9857 | D:8      | Reached skill level 15 in Maces & Flails
 10479 | D:9      | Reached XP level 10. HP: 82/98 MP: 8/11
 10485 | D:9      | Reached *** piety under Okawaru
 10722 | D:9      | Noticed an orb spider
 10928 | D:9      | Found a staircase to the Orcish Mines.
 11119 | D:9      | Reached skill level 16 in Maces & Flails
 11138 | D:9      | Gained mutation: You are agile. (Dex +2) [mutagenic meat]
 11139 | D:9      | Lost mutation: You are agile. (Dex +2) [mutagenic meat]
 11140 | D:9      | Gained mutation: You are partially covered in thin metallic scales (AC +2). [mutagenic meat]
 11299 | D:9      | Found a deep blue altar of Sif Muna.
 11812 | D:9      | Reached **** piety under Okawaru
 12421 | D:9      | Found a roughly hewn altar of Beogh.
 12485 | D:10     | Entered Level 10 of the Dungeon
 12976 | D:10     | Identified the Guide on Feathery Arcane Weapons
 13089 | D:10     | Noticed a hill giant
 13104 | D:10     | Killed a hill giant
 13113 | D:10     | Reached XP level 11. HP: 92/111 MP: 10/12
 13206 | D:10     | Reached skill level 17 in Maces & Flails
 13246 | D:10     | You fall through a shaft for 3 floors!
 13254 | D:12     | Noticed a sun demon
 13287 | D:12     | Noticed a green ugly thing
 13297 | D:12     | Killed a green ugly thing
 13416 | D:12     | Gained mutation: Your mind is acute. (Int +2) [mutagenic meat]
 13417 | D:12     | Gained mutation: You are frail (-10% HP). [mutagenic meat]
 13435 | D:11     | Found a frozen archway.
 13597 | D:10     | Lost mutation: Your mind is acute. (Int +2) [potion of cure mutation]
 13597 | D:10     | Lost mutation: You are partially covered in thin metallic scales (AC +2). [potion of cure mutation]
 13597 | D:10     | Lost mutation: You are frail (-10% HP). [potion of cure mutation]
 13635 | D:10     | Received a gift from Okawaru
 13802 | D:11     | Reached skill level 5 in Armour
 13842 | IceCv    | Entered an ice cave
 13944 | D:11     | HP: 8/172 [killer bee (4)]
 13949 | D:11     | HP: 5/172 [poisoned by a killer bee]
 13951 | D:11     | Slain by a killer bee

Vault maps used:
D:1:      dpeg_chamrin_arrival_tetris
D:2:      grunt_temple_overflow_open, uniq_crazy_yiuf_cottage, uniq_terence,
          uniq_natasha
D:4:      lemuel_upstairs_altar, grunt_temple_overflow_lords_of_destruction,
          first_bread, nicolae_ru_sacrificial_ziggurat
D:5:      kennysheep_little_box, okawaru_metal_pillars_1_2
D:6:      kennysheep_mini, minmay_temple_entry_hall, enter_ossuary_3
D:8:      kennysheep_mini_moat, david_nohive_1
D:9:      lemuel_doored_altar, david_orc_2, special_room
D:10:     serial_park_tiny_2
D:11:     lair_0_dummy, portal_ice_cave_entry_ice_beasts, serial_shops, shop,
          uniq_snorg
D:12:     serial_shops, shop, uniq_erolcha
D:13:     evilmike_diamond_2, minmay_crystal_water
IceCv:    ice_cave_statue_garden_01

Skill      XL: |  1  2  3  4  5  6  7  8  9 10 11 |
---------------+----------------------------------+-----
Fighting       | 3 5 8 9 |  9.2
Maces & Flails | 1 4 6 8 10 13 15 16 17 | 17.6
Armour         | 2 4 5 |  5.2
Throwing       | |  2.0
Dodging        | |  1.7
Spellcasting   | |  1.2
Hexes          | |  2.1

Action                   |  1- 3 |  4- 6 |  7- 9 | 10-12 || total
-------------------------+-------+-------+-------+-------++-------
Melee: Dagger            |    21 |       |       |       ||    21
       Unarmed           |     1 |       |       |       ||     1
       Short sword       |    20 |       |       |       ||    20
       Club              |    79 |       |       |       ||    79
       Mace              |       |   182 |       |       ||   182
       Flail             |       |    15 |    84 |       ||    99
       Giant club        |       |       |   180 |   280 ||   460
Throw: Large rock        |    14 |    20 |    33 |     5 ||    72
       Throwing net      |     1 |     6 |     2 |       ||     9
Invok: Heroism           |       |       |     3 |    11 ||    14
 Abil: Evoke Berserk Rag |       |       |     1 |     7 ||     8
  Use: Scroll            |       |     4 |     1 |       ||     5
       Potion            |       |       |     8 |     1 ||     9
 Stab: Held in net/web   |     2 |       |       |       ||     2
       Distracted        |       |       |     1 |     1 ||     2
       Sleeping          |       |       |       |     1 ||     1
  Eat: Chunk             |     2 |     7 |    10 |    15 ||    34
       Royal jelly       |       |       |     1 |     3 ||     4
       Meat ration       |       |       |     3 |       ||     3
       Beef jerky        |       |       |     1 |       ||     1
